 Dungeon Crawl Stone Soup version 0.23.2-40-g277498a001 (webtiles) character file.

Game seed: 1586625369172174045

30209 Exodus22XD the Severer (level 13, -4/117 HPs)
             Began as a Minotaur Fighter on Aug 31, 2019.
             Was the Champion of Okawaru.
             Killed from afar by a fire dragon (23 damage)
             ... with a blast of flame
             ... on level 6 of the Lair of Beasts.
             The game lasted 00:40:42 (13830 turns).

Exodus22XD the Severer (Minotaur Fighter)          Turns: 13830, Time: 00:40:43

Health: -4/117     AC: 25    Str: 30    XL:     13   Next: 19%
Magic:  12/12      EV: 10    Int:  5    God:    Okawaru [******]
Gold:   933        SH: 17    Dex:  9    Spells: 12/12 levels left

rFire    . . .     SeeInvis +   T - +1 broad axe (venom)
rCold    . . .     Gourm    .   s - +2 shield
rNeg     + . .     Faith    .   N - +0 chain mail {rN+}
rPois    .         Spirit   .   r - +0 mask of the Dragon {MR+ Slay+3 SInv}
rElec    .         Reflect  +   a - +1 cloak
rCorr    .         Harm     .   p - +2 pair of gloves {Str+3}
MR       +....                  (no boots)
Stlth    ..........             B - +2 amulet of reflection
HPRegen  0.29/turn              e - +3 ring of protection
MPRegen  0.13/turn              m - +4 ring of protection

@: very slightly contaminated, invisible
A: retaliatory headbutt, horns 2
a: Heroism, Finesse, Renounce Religion


You were on level 6 of the Lair of Beasts.
You worshipped Okawaru.
Okawaru was exalted by your worship.
You were not hungry.

You visited 3 branches of the dungeon, and saw 17 of its levels.

You collected 1072 gold pieces.
You spent 139 gold pieces at shops.

Inventory:

Hand Weapons
 T - a +1 broad axe of venom (weapon)
 U - a +2 trident of pain
Armour
 a - a +1 cloak (worn)
 p - a +2 pair of gloves of strength (worn)
 r - the +0 mask of the Dragon (worn) {MR+ Slay+3 SInv}
   (You found it on level 7 of the Dungeon)

   It affects your accuracy and damage with ranged weapons and melee attacks
   (+3).
   It affects your resistance to hostile enchantments.
   It lets you see invisible.
 s - a +2 shield (worn)
 w - a +2 pair of boots
 N - a +0 chain mail of positive energy (worn)
Jewellery
 e - a +3 ring of protection (left hand)
 m - a +4 ring of protection (right hand)
 v - an uncursed ring of protection from cold
 B - a +2 amulet of reflection (around neck)
 O - an uncursed amulet of regeneration {unknown}
Wands
 b - a wand of digging (4)
 y - a wand of disintegration (19)
 G - a wand of acid (9)
 M - a wand of iceblast (18)
 P - a wand of flame (17)
 Q - a wand of random effects (11)
 W - a wand of paralysis (9)
Scrolls
 c - 2 scrolls of vulnerability
 g - 4 scrolls of teleportation
 i - 3 scrolls of enchant weapon
 j - 3 scrolls of immolation
 k - 11 scrolls of remove curse
 l - 2 scrolls of magic mapping
 z - a scroll of silence
 A - 5 scrolls of amnesia
 C - 3 scrolls of brand weapon
 D - a scroll of summoning
 E - 2 scrolls of random uselessness {unknown}
 I - a scroll of acquirement {unknown}
 K - 3 scrolls of enchant armour
 V - a scroll of blinking {unknown}
 Z - 2 scrolls of fear {unknown}
Potions
 d - 3 potions of might
 h - 11 potions of curing
 n - a potion of agility
 o - a potion of berserk rage
 q - a potion of cancellation
 t - 5 potions of lignification
 u - 2 potions of mutation
 x - 5 potions of resistance {unknown}
 J - a potion of haste {unknown}
 L - 2 potions of flight {unknown}
 S - 2 potions of magic {unknown}
 X - a potion of heal wounds {unknown}
Comestibles
 f - 29 rations
 F - 2 chunks of flesh


   Skills:
 + Level 11.7 Fighting
 + Level 16.4 Axes
 + Level 11.2 Armour
 + Level 4.4 Dodging
 - Level 2.3 Stealth
 + Level 12.8 Shields


You had 12 spell levels left.
You didn't know any spells.
Your spell library contained the following spells:

 Spells                   Type           Power        Failure   Level  Hunger
 Confusing Touch          Hex            #.....       95%         1    ##.....
 Magic Dart               Conj           #...         95%         1    ##.....
 Sandblast                Erth           #.....       95%         1    ##.....
 Sting                    Conj/Pois      #...         95%         1    ##.....
 Summon Small Mammal      Summ           #...         95%         1    ##.....
 Call Imp                 Summ           #.......     98%         2    ###....
 Passwall                 Tmut/Erth      #.......     98%         2    ###....
 Poisonous Vapours        Pois/Air       #.....       98%         2    ###....
 Searing Ray              Conj           #.....       98%         2    ###....
 Call Canine Familiar     Summ           #.......     100%        3    ####...
 Confuse                  Hex            #.......     100%        3    ####...
 Dazzling Spray           Conj/Hex       #.....       100%        3    ####...
 Gell's Gravitas          Tloc           #.........   100%        3    ####...
 Mephitic Cloud           Conj/Pois/Air  #.......     100%        3    ####...
 Stone Arrow              Conj/Erth      #.....       100%        3    ####...
 Summon Guardian Golem    Hex/Summ       #.......     100%        3    ####...
 Force Lance              Conj/Tloc      #.......     100%        4    #####..
 Fulminant Prism          Conj/Hex       #.........   100%        4    #####..
 Ice Form                 Ice/Tmut       #.......     100%        4    #####..
 Iskenderun's Mystic Bla  Conj           #.......     100%        4    #####..
 Leda's Liquefaction      Hex/Erth       #.........   100%        4    #####..
 Olgreb's Toxic Radiance  Pois           #.......     100%        4    #####..
 Petrify                  Tmut/Erth      #.......     100%        4    #####..
 Summon Ice Beast         Ice/Summ       #.......     100%        4    #####..
 Summon Lightning Spire   Summ/Air       #.......     100%        4    #####..
 Lee's Rapid Deconstruct  Erth           #.........   100%        5    ######.
 Metabolic Englaciation   Hex/Ice        #.........   100%        5    ######.
 Venom Bolt               Conj/Pois      #.........   100%        5    ######.
 Yara's Violent Unravell  Hex/Tmut       #.........   100%        5    ######.
 Bolt of Cold             Conj/Ice       #.........   100%        6    #######
 Freezing Cloud           Conj/Ice/Air   #.........   100%        6    #######
 Iron Shot                Conj/Erth      #.........   100%        6    #######
 Ozocubu's Refrigeration  Ice            #.........   100%        6    #######
 Simulacrum               Ice/Necr       #.........   100%        6    #######
 Shatter                  Erth           #.........   100%        9    #######


Dungeon Overview and Level Annotations

Branches:
Dungeon (10/15)            Temple (1/1) D:5            Lair (6/6) D:9
 Shoals (0/4) Lair:4        Snake (0/4) Lair:3        Slime (0/5) Lair:6
    Orc: D:9-12

Altars:
Ashenzari
Cheibriados
Dithmenos
Elyvilon
Fedhas
Gozag
Hepliaklqana
Kikubaaqudgha
Makhleb
Nemelex Xobeh
Okawaru
Qazlal
Ru
Sif Muna
Trog
Uskayaw
Vehumet
Wu Jian
Xom
Yredelemnul
Zin
The Shining One

Shops:
D:4 *   D:5 **

Annotations:
D:7 EtherCrawl's ghost, novice GnFE
Lair:2 exclusion: oklob plant
Lair:4 1 runed translucent door, Ulygy's ghost, journeyman MiFi


Innate Abilities, Weirdness & Mutations

You reflexively headbutt those who attack you in melee.
You have a pair of horns on your head.


Message History

You are confused.
You feel invigorated.
The iguana hisses angrily.
Some of the chunks of flesh in your inventory have rotted away.
The iguana hisses angrily.
The iguana bites you.
* * * LOW HITPOINT WARNING * * *
You feel less invigorated.
You feel less confused.
The fire dragon breathes flames past the iguana.
The blast of flame hits the plant!!!
The plant is destroyed!
The iguana misses you.
A rime drake comes into view.
The rime drake hisses angrily.
The rime drake hisses angrily.
The fire dragon breathes flames at the iguana.
The blast of flame hits the plant!
The blast of flame misses the iguana.
The blast of flame hits you!!
You die...

.... ≈.P♣♣♣ ♣♣.≈..♣♣
..... ♣♣ .≈≈.♣♣ ♣♣≈≈...♣
..... ♣k♣ .≈..♣♣♣≈≈P.♣♣♣
##...##♣♣..♣♣ ♣≈♣≈≈≈≈♣.♣♣
.#PP...# .....
♣♣≈.≈.†...♣ .#.....#♣
♣P.♣♣.≈......♣♣
P..##...♣♣♣♣♣♣≈..♣P.♣..♣♣
....#..P≈..♣.†≈≈♣♣...♣♣♣
....#...≈≈≈[≈≈[.@lPD♣♣
.......≈≈♣♣..♣.♣P♣♣♣♣
#......÷♣♣♣♣♣♣♣♣♣♣
.#...÷..♣ .###...########
####...........
PP##.#.....#..
..#......##....
.......P## ...


You could see a fire dragon, a rime drake (wandering) and an iguana.

Vanquished Creatures
  4 hydras
  Fannar (Lair:3)
  3 death yaks (Lair:5)
  A moth of wrath (D:7)
  2 merfolk sirens (Lair:4)
  3 elephants (Lair:6)
  2 black mambas
  A torpor snail (Lair:5)
  7 spiny frogs
  2 rime drakes
  6 komodo dragons
  2 merfolk (Lair:4)
  Prince Ribbit (D:8)
  A hornet (D:7)
  3 dream sheep (Lair:5)
  14 blink frogs
  5 hippogriffs
  3 hogs (D:9)
  A human (D:9)
  20 yaks
  A steam dragon (Lair:6)
  3 basilisks
  A hungry ghost (D:9)
  11 water moccasins
  An acid dragon (Lair:6)
  14 porcupines
  A swamp drake (Lair:6)
  An eye of draining (D:9)
  An ice beast (D:7)
  A black bear (D:7)
  A necrophage (D:6)
  2 sky beasts
  2 ogres
  12 wolves
  4 centaurs
  20 crocodiles
  16 bullfrogs
  A wyvern skeleton (D:9)
  A scorpion (D:5)
  2 killer bees (D:7)
  3 wights (D:7)
  4 howler monkeys
  2 electric eels (Lair:1)
  A crimson imp (D:5)
  5 hounds
  11 orc wizards
  7 orc priests
  8 iguanas
  7 worker ants
  2 hound skeletons
  A worker ant zombie (D:8)
  10 adders
  2 shadow imps
  2 oozes (D:4)
  5 adder skeletons
  2 worms
  4 dart slugs
  6 leopard geckos
  33 orcs
  8 bats
  7 giant cockroaches
  5 goblins
  6 hobgoblins
  11 jackals
  15 kobolds
  9 quokkas
  A ball python (D:3)
  6 frilled lizards
  10 rats
  4 fungi
  2 plants (Lair:6)
377 creatures vanquished.

Vanquished Creatures (others)
  A killer bee (D:7)
  2 bushes (D:9)
  4 fungi (D:9)
  4 plants
11 creatures vanquished.

Grand Total: 388 creatures vanquished

Notes
Turn   | Place    | Note
-------+----------+-------------------------------------------
     0 | D:1      | Exodus22XD the Minotaur Fighter began the quest for the
                  | Orb.
     0 | D:1      | Reached XP level 1. HP: 19/19 MP: 0/0
    83 | D:1      | Reached XP level 2. HP: 24/27 MP: 1/1
   648 | D:1      | Reached XP level 3. HP: 33/33 MP: 2/2
  1209 | D:2      | Reached skill level 3 in Axes
  1333 | D:2      | Reached XP level 4. HP: 22/41 MP: 3/3
  2370 | D:3      | Reached skill level 4 in Axes
  2370 | D:3      | Reached XP level 5. HP: 29/47 MP: 4/4
  2596 | D:3      | Reached skill level 1 in Dodging
  3031 | D:4      | Found Wicaydin's Assorted Antiques.
  3039 | D:4      | Reached skill level 5 in Armour
  3341 | D:4      | Reached XP level 6. HP: 50/53 MP: 5/5
  3508 | D:4      | Reached skill level 5 in Axes
  3788 | D:5      | Entered Level 5 of the Dungeon
  3894 | D:5      | Reached skill level 6 in Axes
  3947 | D:5      | Reached skill level 5 in Shields
  3947 | D:5      | Reached XP level 7. HP: 53/60 MP: 6/6
  4015 | D:5      | Found a staircase to the Ecumenical Temple.
  4024 | Temple   | Entered the Ecumenical Temple
  4347 | D:5      | Reached skill level 5 in Fighting
  4404 | D:5      | Found Wofra's General Store.
  4407 | D:5      | Bought a scroll of identify for 22 gold pieces
  4419 | D:5      | Bought a scroll of remove curse for 33 gold pieces
  4419 | D:5      | Bought a scroll of identify for 22 gold pieces
  4419 | D:5      | Bought a scroll of identify for 22 gold pieces
  4535 | D:5      | Found a sacrificial altar of Ru.
  4620 | D:5      | Found Moghitust's General Store.
  4626 | D:5      | Bought a scroll of identify for 20 gold pieces
  4626 | D:5      | Bought a scroll of identify for 20 gold pieces
  4703 | D:5      | Reached skill level 7 in Axes
  5011 | D:6      | Reached XP level 8. HP: 59/68 MP: 7/7
  5019 | D:6      | Found an ornate altar of the Wu Jian Council.
  5035 | D:6      | Found a shadowy altar of Dithmenos.
  5069 | D:6      | Noticed an angel
  5070 | D:6      | Found a glowing silver altar of Zin.
  5073 | D:6      | Found a shimmering altar of Xom.
  5286 | D:6      | Identified Sif Muna's Handbook of the Rocks
  5306 | D:6      | Reached skill level 8 in Axes
  5771 | D:7      | Found an iron altar of Okawaru.
  5811 | D:7      | Noticed a hornet
  5819 | D:7      | Paralysed by a hornet for 2 turns
  5821 | D:7      | Killed a hornet
  5821 | D:7      | Reached skill level 9 in Axes
  6002 | D:7      | Noticed EtherCrawl's ghost (novice GnFE)
  6008 | D:7      | Noticed a moth of wrath
  6087 | D:7      | Reached XP level 9. HP: 68/75 MP: 8/8
  6203 | D:7      | Found a transporter.
  6218 | D:7      | Found a transporter.
  6223 | D:7      | Found the +0 mask of the Dragon {MR+ Slay+3 SInv}
  6242 | D:7      | Reached skill level 10 in Axes
  6246 | D:7      | Killed a moth of wrath
  6246 | D:7      | Reached skill level 1 in Stealth
  6573 | D:7      | Became a worshipper of Warmaster Okawaru
  6591 | D:8      | Found a shattered altar of Ashenzari.
  6709 | D:8      | Found a glowing golden altar of the Shining One.
  6726 | D:8      | Noticed Prince Ribbit
  6730 | D:8      | Killed Prince Ribbit
  6787 | D:8      | Reached skill level 11 in Axes
  6910 | D:8      | Found a white marble altar of Elyvilon.
  7403 | D:9      | Reached * piety under Okawaru
  7708 | D:9      | Found a staircase to the Lair.
  7713 | D:9      | Reached XP level 10. HP: 82/86 MP: 9/9
  7742 | D:9      | Reached ** piety under Okawaru
  7751 | D:9      | Reached skill level 12 in Axes
  7883 | D:9      | Found a white marble altar of Elyvilon.
  7969 | D:9      | Reached *** piety under Okawaru
  8303 | D:10     | Entered Level 10 of the Dungeon
  8347 | Lair:1   | Entered Level 1 of the Lair of Beasts
  8347 | Lair:1   | Noticed a spiny frog
  8353 | Lair:1   | Killed a spiny frog
  8353 | Lair:1   | Reached **** piety under Okawaru
  8353 | Lair:1   | Reached skill level 13 in Axes
  8364 | Lair:1   | Noticed an eight-headed hydra
  8376 | Lair:1   | Noticed a black mamba
  8376 | Lair:1   | Noticed a spiny frog
  8558 | Lair:1   | Killed a spiny frog
  8558 | Lair:1   | Reached XP level 11. HP: 51/95 MP: 10/10
  9319 | Lair:1   | Killed an eight-headed hydra
  9319 | Lair:1   | Reached skill level 10 in Shields
  9658 | Lair:1   | Reached ***** piety under Okawaru
  9979 | Lair:2   | Received a gift from Okawaru
 10005 | Lair:2   | Reached skill level 14 in Axes
 10134 | Lair:2   | Received a gift from Okawaru
 10333 | Lair:2   | Noticed an oklob plant
 10702 | Lair:3   | Found a staircase to the Snake Pit.
 10838 | Lair:3   | Noticed a six-headed hydra
 10845 | Lair:3   | Killed a six-headed hydra
 10883 | Lair:3   | Noticed Fannar
 10895 | Lair:3   | Killed Fannar
 10895 | Lair:3   | Reached skill level 10 in Armour
 10895 | Lair:3   | Reached XP level 12. HP: 95/106 MP: 11/11
 11061 | Lair:3   | Reached skill level 10 in Fighting
 11278 | Lair:3   | Reached skill level 15 in Axes
 11538 | Lair:4   | Found a staircase to the Shoals.
 11605 | Lair:4   | Noticed a four-headed hydra
 11613 | Lair:4   | Killed a four-headed hydra
 11772 | Lair:4   | Noticed a four-headed hydra
 11783 | Lair:4   | Killed a four-headed hydra
 11857 | Lair:4   | Received a gift from Okawaru
 12207 | Lair:4   | Found a runed translucent door.
 12231 | Lair:4   | Noticed Ulygy's ghost (journeyman MiFi)
 12327 | Lair:5   | Noticed a death yak
 12327 | Lair:5   | Noticed a death yak
 12336 | Lair:5   | Noticed a death yak
 12340 | Lair:5   | Killed a death yak
 12352 | Lair:5   | Killed a death yak
 12356 | Lair:5   | Killed a death yak
 13008 | Lair:5   | Reached skill level 16 in Axes
 13015 | Lair:5   | Reached ****** piety under Okawaru
 13015 | Lair:5   | Received a gift from Okawaru
 13191 | Lair:6   | Entered Level 6 of the Lair of Beasts
 13339 | Lair:6   | Found a staircase to the Slime Pits.
 13347 | Lair:6   | Reached XP level 13. HP: 113/116 MP: 12/12
 13805 | Lair:6   | Noticed a fire dragon
 13830 | Lair:6   | Killed from afar by a fire dragon

Skill      XL: |  1  2  3  4  5  6  7  8  9 10 11 12 |
---------------+-------------------------------------+-----
Armour         | 4 5 6 7 8 10 11 | 11.2
Fighting       | 4 5 6 7 8 9 11 | 11.7
Shields        | 4 5 7 9 11 12 | 12.8
Axes           | 3 4 6 7 9 11 13 14 16 | 16.4
Dodging        | 1 2 3 4 |  4.4
Stealth        | 2 |  2.3

Action                   |  1- 3 |  4- 6 |  7- 9 | 10-12 | 13-15 || total
-------------------------+-------+-------+-------+-------+-------++-------
Melee: War axe           |   105 |   195 |   296 |   384 |       ||   980
       Headbutt          |    14 |    31 |    54 |   120 |    14 ||   233
       Morningstar       |       |       |       |    24 |       ||    24
       Broad axe         |       |       |       |    97 |    72 ||   169
Invok: Heroism           |       |       |       |     1 |       ||     1
  Use: Scroll            |       |       |    16 |     9 |       ||    25
       Potion            |       |       |     2 |       |     2 ||     4
 Stab: Invisible         |       |       |     8 |       |       ||     8
  Eat: Chunk             |     1 |     9 |    13 |    14 |     2 ||    39
       Ration            |       |       |       |     1 |       ||     1
Armor: Scale mail        |    59 |   105 |    54 |       |       ||   218
       Chain mail        |       |       |    65 |   183 |    25 ||   273
Dodge: Dodged            |    34 |    58 |    81 |   105 |    11 ||   289
Block: Shield            |    58 |   113 |   166 |   336 |    49 ||   722
       Reflection        |       |       |       |     2 |     1 ||     3
